 Dungeon Crawl Stone Soup version 0.31-a0-321-g19405a7a6a (webtiles) character file.

Game seed: 6585717015130010123

210 cforsyth the Trooper (level 6, -1/55 HPs)
             Began as a Meteoran Fighter on July 17, 2023.
             Slain by a gnoll
             ... wielding a +0 flail
             ... led by a gnoll bouda
              (8 damage)
             ... on level 3 of the Dungeon.
             The game lasted 00:07:21 (1092 turns).

cforsyth the Trooper (Meteoran Fighter)             Turns: 1092, Time: 00:07:22

Health: -1/55      AC:  8    Str: 20    XL:     6   Next: 35%
Magic:  7/7        EV:  9    Int: 10    God:
Gold:   62         SH:  5    Dex: 13    Spells: 5/5 levels left

rFire   . . .        a - +0 flail
rCold   . . .        c - +0 buckler
rNeg    . . .        b - +0 scale mail
rPois   .            (no helmet)
rElec   .            (no cloak)
rCorr   .            f - +0 pair of gloves
SInv    .            (no boots)
Will    .....        (no amulet) Stlth
                     (no ring)
HPRegen 0.29/turn    (no ring)
MPRegen 0.10/turn

%: no passive effects
@: glowing
A: sense surroundings 1, otherworldly, glowing, explore regen
a: no special abilities


You were on level 3 of the Dungeon.
You visited 1 branch of the dungeon, and saw 5 of its levels.

You collected 62 gold pieces.

Inventory:

Hand Weapons
 a - a +0 flail (weapon)
Armour
 b - a +0 scale mail (worn)
 c - a +0 buckler (worn)
 f - a +0 pair of gloves (worn)
 o - the +0 ring mail of the Bells {Fly rN+}
   (You found it on level 3 of the Dungeon)

   rN:        It protects you from negative energy.
   Fly:       It grants you flight.
Talismans
 e - a maw talisman
Scrolls
 d - a scroll of amnesia {unknown}
 h - a scroll of fear {unknown}
 k - 2 scrolls of identify {unknown}
 l - a scroll of enchant weapon {unknown}
 m - a scroll of enchant armour {unknown}
 n - a scroll of vulnerability {unknown}
 s - a scroll of acquirement {unknown}
 t - a scroll of torment {unknown}
Potions
 g - a potion of resistance
 i - a potion of curing {unknown}
 j - a potion of attraction {unknown}
 p - a potion of haste
 q - a potion of degeneration {unknown}
 r - a potion of might


   Skills:
 + Level 4.9 Fighting
 - Level 3.2 Maces & Flails
 - Level 3.6 Armour
 - Level 3.6 Shields
 + Level 3.2 Unarmed Combat
 + Level 2.7 Shapeshifting


You had 5 spell levels left.
You didn't know any spells.
Your spell library contained the following spells:

 Spells                   Type           Power      Damage    Failure   Level
 Apportation              Tloc           0%         N/A       78%         1
 Necrotise                Necr           0%         1d4       78%         1
 Summon Small Mammal      Summ           0%         N/A       78%         1
 Vampiric Draining        Necr           0%         2d6       98%         3
 Agony                    Necr           0%         N/A       100%        5


Dungeon Overview and Level Annotations

Branches:
Dungeon (5/15) Zot: 1864
 Temple: D:4-7

Altars:

Shops:
D:2 !


Innate Abilities, Weirdness & Mutations

You passively map a small area around you.
You are easily found by Zot.
You glow in the dark.
You regain HP and MP as you explore.


Message History

The gnoll hits you but does no damage. The gnoll hits you with a +0 whip.
There is a stone staircase leading down here.
You closely miss the gnoll. The gnoll closely misses you.
The gnoll hits you but does no damage. The gnoll barely misses you.
You hit the gnoll.
The gnoll is lightly wounded.
The gnoll hits you but does no damage. The gnoll barely misses you.
You barely miss the gnoll.
The gnoll is lightly wounded.
The gnoll hits you with a +0 whip. The gnoll closely misses you.
The gnoll hits you but does no damage.
You closely miss the gnoll.
The gnoll is lightly wounded.
The gnoll hits you with a +0 flail. The gnoll hits you with a +0 whip.
* * * LOW HITPOINT WARNING * * *
You hit the gnoll.
The gnoll is moderately wounded.
The gnoll is no longer moving quickly.
The gnoll barely misses you. The gnoll misses you.
The gnoll hits you with a +0 flail.
* * * LOW HITPOINT WARNING * * *
The gnoll attacks as you move away! The gnoll hits you with a +0 flail.
* * * LOW HITPOINT WARNING * * *
The gnoll is no longer moving quickly.
The gnoll closely misses you. The gnoll attacks as you move away!
The gnoll hits you but does no damage. The gnoll closely misses you.
The gnoll attacks as you move away! The gnoll hits you but does no damage.
You sock the gnoll!
The gnoll is severely wounded.
The gnoll hits you with a +0 whip.
* * * LOW HITPOINT WARNING * * *
You closely miss the gnoll.
The gnoll is severely wounded.
The gnoll barely misses you. The gnoll hits you with a +0 whip.
* * * LOW HITPOINT WARNING * * *
You hit the gnoll.
The gnoll is almost dead.
You closely miss the gnoll.
The gnoll is almost dead.
The gnoll barely misses you. The gnoll hits you with a +0 flail!
You die...

#########[..............#
#...............#
#...............#
###†#..###....###
######......# #...##
####.........#.###>#.#
.............#.##..#.#
.............#.##g#..#
........#.##....@g#.##
.......##.##....###.####
.....$.##..............#
.......###.............#
....$..###...#.........#
............##.........#
...........# #....<....#
..........## #.........#
......#......#.........#


You could see 2 gnolls.

Vanquished Creatures
  An orc priest (D:2)
  An orc wizard (D:2)
  Natasha (D:2)
  3 gnolls (D:2)
  2 adders
  2 worms
  A dart slug (D:1)
  6 orcs
  7 ball pythons
  10 endoplasms
  4 giant cockroaches
  4 goblins
  4 hobgoblins
  3 jackals (D:3)
  4 quokkas
  6 bats
  3 frilled lizards
  4 kobolds
  5 rats
71 creatures vanquished.

Notes
Turn   | Place    | Note
-------+----------+-------------------------------------------
     0 | D:1      | cforsyth the Meteoran Fighter began the quest for the Orb.
     0 | D:1      | Reached XP level 1. HP: 19/19 MP: 2/2
    35 | D:2      | Reached XP level 2. HP: 24/26 MP: 3/3
    81 | D:2      | Reached XP level 3. HP: 22/33 MP: 4/4
    82 | D:2      | Reached skill level 1 in Unarmed Combat
    85 | D:2      | Reached skill level 4 in Fighting
    85 | D:2      | Reached skill level 1 in Shapeshifting
   154 | D:2      | Reached XP level 4. HP: 40/40 MP: 5/5
   218 | D:1      | Found a faded altar of an unknown god.
   330 | D:2      | Found Xienu's Distillery.
   466 | D:3      | Reached XP level 5. HP: 25/47 MP: 6/6
   476 | D:3      | HP: 2/47 [poisoned by an orc]
   807 | D:3      | Identified the +0 ring mail of the Bells {Fly rN+}
   917 | D:2      | Reached XP level 6. HP: 25/55 MP: 7/7
   940 | D:2      | Noticed Natasha
   944 | D:2      | Killed Natasha
  1056 | D:5      | Entered Level 5 of the Dungeon
  1092 | D:3      | Slain by a gnoll

Illustrated notes

Levels and vault maps discovered:
D:1:      dpeg_arrival_lava_temple_mockup, layout_basic, basic_ecumenical_altar,
          minmay_surrounded
D:2:      layout_loops_cross, serial_shops, nicolae_shop_industrial_runoff,
          uniq_natasha
D:3:      layout_rooms
D:4:      layout_cave_pools, elyvilon_altar_1, serial_shops, shop,
          grunt_ministairs_3, uniq_ijyb
D:5:      layout_loops_ring, mainiacjoe_overflow_chevrons,
          nemelex_dance_club_becter, minmay_starry_boxes

Skill      XL: |  1  2  3  4  5 |
---------------+----------------+-----
Maces & Flails | 3 |  3.2
Unarmed Combat | 1 2 3 |  3.2
Fighting       | 4 |  4.9
Shapeshifting  | 1 2 |  2.7
Armour         | |  3.6
Shields        | |  3.6

Action                     |  1- 3 |  4- 6 || total
---------------------------+-------+-------++-------
  Melee: Flail             |    27 |   194 ||   221
    Use: Potion            |     1 |     4 ||     5
 Armour: Scale mail        |     9 |   140 ||   149
  Dodge: Dodged            |     9 |    92 ||   101
  Block: Buckler           |     4 |    46 ||    50

Table legend: (Time is in decaauts)
 A = Elapsed time spent in this place.
 B = Non-inter-level travel time spent in this place.
 C = Inter-level travel time spent in this place.
 D = Time resting spent in this place.
 E = Time spent auto-exploring this place.
 F = Levels seen in this place.
 G = Mean time per level.
                   A        B        C        D        E       F      G
               +--------+--------+--------+--------+--------+-----+--------+
         Total |   1134 |   1134 |      0 |      0 |      0 |   5 |  226.8 |
       Dungeon |   1134 |   1134 |      0 |      0 |      0 |   5 |  226.8 |
               +--------+--------+--------+--------+--------+-----+--------+

Top non-repeatable levels by time:
     D:2: 492 daAuts
     D:3: 423 daAuts
     D:1: 170 daAuts
     D:4: 40 daAuts
     D:5: 8 daAuts
